[Event "SixDays Budapest January IM-B 2025"]
[Site "Budapest"]
[Date "2025.01.26"]
[Round "1.1"]
[White "Krizsany, Laszlo"]
[Black "Subramanian, Anusha"]
[Result "1-0"]
[Annotator "TA"]
[ECO "E19"]
[WhiteElo "2303"]
[BlackElo "2044"]
[PlyCount "85"]
[EventDate "2025.01.24"]
[EventType "tourn"]
[EventCountry "HUN"]
[SourceTitle "playchess.com"]
[Source "ChessBase"]
[SourceQuality "1"]
[TimeControl "5400+30"]

1. d4 Nf6 2. c4 e6 3. Nf3 b6 4. g3 Bb7 5. Bg2 Be7 6. Nc3 Ne4 7. Qc2 Nxc3 8. Qxc3 O-O 9. O-O d6 10. Qc2 f5 11. Rd1 {[%emt 0:02:23] E19: Queen's Indian: Old Main Line with 7...Ne4 8 Qc2 Nxc3 8 Qxc3.} Be4 12. Qd2 Bf6 13. b3 {[%emt 0:01:28] The position is equal.} Nc6 14. Bb2 Ne7 $146 (14... e5 15. d5 Nb8 16. Rac1 g5 17. Ne1 Bxg2 18. Nxg2 Nd7 19. b4 Qe7 20. Ba3 e4 {0-1 Weng,X (1776)-Xu,J CHN-ch U20 Shanghai 2024 (7)}) 15. Rac1 a5 16. Bf1 Ng6 17. Ne1 Bb7 18. Bh3 Qe7 19. Nd3 Be4 20. f3 Bxd3 ({Better is} 20... Bb7 $11) 21. Qxd3 $14 f4 22. Qe4 (22. e3 $16) 22... e5 23. d5 {[%emt 0:01:27] Black is weak on the light squares} (23. c5 $1 $16) 23... Bg5 $11 24. Be6+ Kh8 25. Rc2 Rf6 26. Bc1 h5 27. Kh1 Nf8 28. Bh3 Qf7 29. Rg1 Nh7 (29... Bh6 $11 {keeps the balance.}) 30. Be6 $16 Qe8 31. h4 Bh6 32. gxf4 Bxf4 33. e3 Bh6 34. f4 {[%emt 0:01:00] White has more active pieces.} exf4 (34... Nf8 $142) 35. exf4 $40 {[%emt 0:00:05][%mdl 128] White has strong attack.} Nf8 (35... Qe7 $16 36. Rcg2 Raf8) 36. Bb2 $18 Rg6 37. Rcg2 Rxg2 38. Rxg2 {[%emt 0:00:04] [#] aiming for f5.} ({Not} 38. Qxg2 Qe7 $18) 38... Qe7 $2 (38... a4 39. f5 axb3) 39. f5 {[%emt 0:00:15][%cal Of5f6] White threatens f6! and mate.} Nh7 40. Rg6 Bd2 41. Rxg7 {[%emt 0:00:36] White mates.} Qxg7 42. Bxg7+ Kxg7 43. Qd4+ {[%emt 0:00:04] Weighted Error Value: White=0.09 (flawless) /Black=0.69  Mistake:       	White=2     	Black=5      Inaccurate:     	White=1     	Black=7      OK:         	White=12    	Black=5      Best:        	White=2     	Black=2} 1-0

[Event "SixDays Budapest January IM-B 2025"]
[Site "Budapest"]
[Date "2025.01.26"]
[Round "1.2"]
[White "Meers, Hubert"]
[Black "Ongut, Tamas Gunes"]
[Result "1/2-1/2"]
[Annotator "TA"]
[ECO "B59"]
[WhiteElo "2198"]
[BlackElo "2262"]
[PlyCount "41"]
[EventDate "2025.01.24"]
[EventType "tourn"]
[EventCountry "HUN"]
[SourceTitle "playchess.com"]
[Source "ChessBase"]
[SourceQuality "1"]
[TimeControl "5400+30"]

1. e4 c5 2. Nf3 Nc6 3. d4 cxd4 4. Nxd4 Nf6 5. Nc3 d6 6. Be2 e5 7. Nb3 Be7 8. O-O O-O 9. Be3 Be6 10. Qd2 {[%emt 0:02:24] The position is equal.} d5 {[%emt 0:01:48] B59: Classical Sicilian: 6 Be2 e5 7 Nb3.} 11. exd5 Nxd5 12. Nxd5 Qxd5 13. Rfd1 Qxd2 14. Rxd2 Rfd8 15. Rad1 Rxd2 16. Rxd2 Rd8 17. Rxd8+ Bxd8 18. Bf3 $146 (18. Nc5 Bc8 19. c3 Be7 20. Bc4 Kf8 21. Kf1 b6 22. Nb3 Bd6 23. h3 Ke7 24. Ke2 {½-½ Pokorny,M (2196)-Herejk,P (2194) CZE-chT2A 0910 2009 (9.3)}) 18... Bb6 19. Bxb6 axb6 20. c3 Kf8 21. Kf1 {[%emt 0:12:37] Not much happened in this game.   Weighted Error Value: White=0.05 (flawless) /Black=0.05 (flawless)   Inaccurate:     	---       	Black=1      OK:         	White=4     	Black=3} 1/2-1/2

[Event "SixDays Budapest January IM-B 2025"]
[Site "Budapest"]
[Date "2025.01.26"]
[Round "1.3"]
[White "Senthil Maran K"]
[Black "Varga, Csaba Zoltan"]
[Result "1/2-1/2"]
[Annotator "TA"]
[ECO "A06"]
[WhiteElo "2398"]
[BlackElo "2198"]
[PlyCount "134"]
[EventDate "2025.01.24"]
[EventType "tourn"]
[EventCountry "HUN"]
[SourceTitle "playchess.com"]
[Source "ChessBase"]
[SourceQuality "1"]
[TimeControl "5400+30"]

1. Nf3 d5 2. g3 b6 3. d4 Bb7 4. Bg2 Nd7 5. c4 dxc4 $146 (5... e6 6. cxd5 exd5 7. Nc3 Bd6 8. O-O a6 9. e4 {½-½ Behrendt,C (2100)-Khadempour,F (2156) Oberliga Wuerttemberg 1011 2010 (7)}) 6. Na3 {[%emt 0:00:18] A07: Réti Opening: New York and Capablanca Systems.} e5 7. Nxc4 (7. dxe5 Bxa3 8. bxa3 Nxe5 $15) 7... exd4 8. O-O {[%emt 0:05:36] White is slightly better.} c5 (8... Bc5 $11 {and Black stays safe.}) 9. e3 (9. Qb3 $1 $18 {Hoping for Ng5.} Ndf6 10. Nce5) 9... Ngf6 $14 10. exd4 (10. Qb3 $5) 10... Be7 11. Nfe5 Bxg2 12. Kxg2 Nxe5 (12... Rc8 {looks sharper.} 13. dxc5 Rxc5 14. Nxd7 Nxd7 15. Nd6+ Bxd6 16. Qxd6 Ne5) 13. dxe5 {[%emt 0:04:24] White has a king side majority} Qd5+ 14. Qf3 Qxf3+ 15. Kxf3 Nd7 {[%emt 0:01:03] Not much happening anymore} 16. Bf4 g5 17. Be3 $36 {[%emt 0:00:45][%mdl 2048] White has the initiative.} O-O 18. Rad1 Rfd8 (18... Rad8 $14) 19. Rd5 f6 20. exf6 g4+ 21. Ke2 {[%emt 0:04:47] White is much more active.} (21. Kxg4 $2 Nxf6+ 22. Kh3 Nxd5 $19 (22... Rxd5 $2 23. a4 $19)) 21... Bxf6 22. Rfd1 Nf8 23. Bg5 Rxd5 24. Rxd5 Kf7 (24... Bd4 $16) 25. Bxf6 $18 Kxf6 {[%emt 0:00:08][%mdl 4096] Endgame KRN-KRN} 26. Ne3 Re8 27. Kd3 Ke6 28. Rh5 Rd8+ 29. Ke2 Rd4 30. Rg5 Nd7 31. Rxg4 Rxg4 32. Nxg4 $16 {[%emt 0:00:02] KN-KN. White is a pawn up.} c4 (32... Kd5 33. Ne3+ Kd4 34. Nc2+ Kd5 35. Ne3+) 33. f4 b5 34. Ne3 Nc5 35. Kd2 ({White should try} 35. Nd1) 35... Ne4+ 36. Kc2 h5 37. a3 (37. b3 $142 $1) 37... a6 38. Nd1 Kf5 39. Nc3 Nf6 ({Black should play} 39... Nd6) 40. Kd2 $1 Ng4 41. h4 (41. h3 $16 Nf2 42. Ke3) 41... Nf2 $11 42. Ke2 Nd3 43. b4 Nc1+ (43... Kg4 44. Ne4 $16) 44. Ke3 Nb3 $2 {[%emt 0:00:51] [#]} (44... Kg4 45. Ke4 (45. Ne4 Nd3 $16) 45... Nd3 (45... Kxg3 $2 46. f5 $18) 46. f5 (46. Ne2 Nf2+ 47. Ke3 Nd1+ 48. Kd2 Nf2 $11) 46... Nf2+ (46... Kxg3 $2 47. f6 $18) 47. Ke5 $14) (44... Nd3 $1 $11) 45. a4 $1 $18 Na1 $2 (45... bxa4 {is more resistant.} 46. Nxa4 Nc1 (46... Kg4 $2 47. Nc5 $18)) 46. axb5 axb5 47. Kd4 Nc2+ 48. Kc5 Na3 49. Kd4 $2 (49. Nxb5 $18 Nxb5 50. Kxc4 (50. Kxb5 $2 c3 $19)) 49... Nc2+ $11 50. Kc5 $2 (50. Kd5 $11) 50... Na3 $1 $18 51. Nxb5 Nxb5 {[%emt 0:00:10] [#]} 52. Kxc4 $1 {[%emt 0:00:01] KN-KP} (52. Kxb5 $2 {too greedy.} c3 53. Ka6 c2 $19) 52... Nc7 53. b5 Ke6 54. Kc5 Kd7 55. f5 $2 (55. b6 $18 Ne8 56. Kd4) 55... Ke7 $11 {[%emt 0:07:42] The position is equal.} (55... Ne8 $5) 56. b6 Na6+ 57. Kd5 Kf6 58. Ke4 Nc5+ $1 59. Kf4 Nd3+ 60. Ke3 Nc5 61. Kf4 Nd3+ 62. Ke3 Nc5 63. Kd4 Nd7 64. Ke4 Nxb6 65. g4 hxg4 {[%emt 0:00:07][%cal Ob6d5] ( -> ...Nd5!)} (65... Nc4 $5 66. g5+ $8 Kf7 $11) 66. Kf4 Nd5+ 67. Kxg4 Ke5 {Blacks defense is rewarded with a draw.   Weighted Error Value: White=0.30/Black=0.34  Loses game:     	---       	Black=1      Mistake:       	White=4     	Black=6      Inaccurate:     	White=4     	Black=5      OK:         	White=12    	Black=28     Best:        	White=9     	Black=4      Strong:       	White=2     	Black=2} 1/2-1/2

[Event "SixDays Budapest January IM-B 2025"]
[Site "Budapest"]
[Date "2025.01.26"]
[Round "1.4"]
[White "Horvath, David"]
[Black "Vandan Alankar Sawai"]
[Result "0-1"]
[Annotator "TA"]
[ECO "A06"]
[WhiteElo "2299"]
[BlackElo "2177"]
[PlyCount "98"]
[EventDate "2025.01.24"]
[EventType "tourn"]
[EventCountry "HUN"]
[SourceTitle "playchess.com"]
[Source "ChessBase"]
[SourceQuality "1"]
[TimeControl "5400+30"]

1. Nf3 d5 2. g3 Nd7 3. d4 Nb6 4. Bg2 Nf6 5. O-O Bf5 6. Nbd2 {[%emt 0:02:23] D02: 1 d4 d5 2 Nf3 sidelines, including 2...Nf6 3 g3 and 2...Nf6 3 Bf4.} e6 7. Nh4 Bg6 (7... Bg4 $11) 8. Nxg6 $16 {[%emt 0:03:18] White is better.} hxg6 9. e4 Be7 $146 (9... dxe4 10. Nxe4 c6 11. Re1 Be7 12. c3 Nxe4 13. Bxe4 Qd7 14. Bg2 Rd8 15. Qe2 O-O {½-½ Lammens,T (2241)-Groffen,H (2139) NED-chT 2122 2021 (5.9)}) 10. Qe2 c6 11. Rd1 Qc7 (11... dxe4 $14 12. Nxe4 Nxe4) 12. c4 O-O 13. exd5 cxd5 14. c5 Nbd7 15. b4 b6 16. Nb3 a5 17. Bf4 Qc8 18. a3 Nh5 19. Be3 $36 {[%emt 0:01:45][%mdl 2048] White has strong initiative.} a4 20. Nc1 bxc5 21. dxc5 Ne5 22. Bd4 (22. Nd3 $18 Nc4 23. Bd4) 22... Nc4 (22... Nc6 $16 23. Bb2 Qb7) 23. Nd3 $18 Rb8 (23... Bf6) 24. Bxd5 (24. Ne5 $142 Nxa3 25. Bh3 (25. Rxa3 Rxb4 26. Raa1 a3 $18)) 24... exd5 25. Qxe7 Nf6 26. Qe2 (26. Bxf6 $6 Re8 $14) 26... Re8 27. Qf3 Ne4 28. Nb2 (28. Nf4 $1 $18) 28... Ncd2 (28... Ng5 $16 {keeps fighting.} 29. Qxd5 Nxb2 30. Bxb2 Qg4) 29. Qd3 Nb3 30. Rab1 (30. Nxa4 $1 $16 Nxa1 31. Rxa1) 30... Ng5 $1 $11 {[%emt 0:00:08] Threatens to win with ...Nxd4.} 31. Be3 (31. Nxa4 $2 Nxd4 32. Kh1 Ndf3 $19) 31... Nf3+ 32. Kg2 Qg4 33. Bf4 Nh4+ {[%emt 0:01:16] Excellent horsemanship.} 34. Kg1 $2 {[%emt 0:00:29] [#]} (34. Kh1 $11 {and White stays safe.} Rbd8 35. Nxa4) 34... Nd4 $1 $19 35. Kh1 {[%emt 0:00:04] White is weak on the light squares} (35. Bxb8 $2 Ndf3+ 36. Kh1 Qh3 37. gxh4 Rxb8 $19) 35... Rbd8 {[%emt 0:00:55] Dancing on a razor blade. Black is more active.} (35... Nhf3 $17 36. Qf1 (36. Nxa4 $2 g5 $19) (36. Bxb8 Qh3) 36... Ra8) 36. gxh4 $15 (36. Qxd4 $2 Qf3+ 37. Kg1 Qg2#) 36... Qxf4 37. Qxd4 {[%emt 0:00:20] [#]} (37. Qg3 $1 $11 {remains equal.} Qf6 (37... Qe4+ 38. Qg2 $11) 38. Nd3) 37... Re1+ $3 {[%emt 0:00:09][%mdl 8704] Black attacks} 38. Kg2 $1 $18 Qxd4 39. Rxd4 Rxb1 40. Nxa4 {[%emt 0:00:09][%mdl 4096] Endgame Hoping for Nb6. KRR-KRN} Ra8 41. Nc3 Rc1 42. Nb5 Rc4 $2 (42... Kf8 $16 43. Rxd5 Rc4) 43. Rxd5 Rxh4 (43... f6 $142 44. h3 Kh7) 44. Rd7 Rc4 45. Na7 Rg4+ 46. Kf3 Rc4 47. c6 Kh7 {[%emt 0:00:03] [#]} 48. c7 $4 Rxa7 $19 49. c8=Q Rxa3+ {[%emt 0:00:03] Both players deserved the win here.   Weighted Error Value: White=0.43/Black=0.40  Loses game:     	White=1     	Black=2      Missed win:     	White=1     	---        Mistake:       	White=5     	Black=7      Inaccurate:     	White=1     	Black=2      OK:         	White=13    	Black=12     Best:        	White=6     	Black=2      Strong:       	White=1     	Black=1      Brilliant:      	---       	Black=1} (49... Rxc8 $2 {loses.} 50. Rxa7 Rc3+ 51. Ke2 $18) 0-1

[Event "SixDays Budapest January IM-B 2025"]
[Site "Budapest"]
[Date "2025.01.26"]
[Round "1.5"]
[White "Papp, Bence"]
[Black "Tancsa, Tamas"]
[Result "0-1"]
[Annotator "TA"]
[ECO "E97"]
[WhiteElo "2272"]
[BlackElo "2192"]
[PlyCount "86"]
[EventDate "2025.01.24"]
[EventType "tourn"]
[EventCountry "HUN"]
[SourceTitle "playchess.com"]
[Source "ChessBase"]
[SourceQuality "1"]
[TimeControl "5400+30"]

1. d4 Nf6 2. c4 g6 3. Nc3 Bg7 4. e4 d6 5. Nf3 O-O 6. Be2 e5 7. O-O Nc6 8. d5 Ne7 9. Kh1 Ne8 10. Ng1 f5 11. f3 f4 12. b4 a5 13. bxa5 Rxa5 14. a4 c5 15. Bd2 g5 16. Nh3 Ng6 17. Nf2 h5 18. Nb5 Ra6 19. a5 Nf6 20. Nc3 ({White should play} 20. h3 $14) 20... Rxa5 $11 21. Rxa5 Qxa5 22. Na4 Qd8 23. Qb3 Nd7 24. Ra1 {[%emt 0:01:23][%mdl 1024] White has compensation.} Bh6 25. Be1 Kh7 26. Nc3 Nf6 27. Ra8 Qe7 28. Na4 g4 29. Nb6 Bd7 30. Ra7 {[%emt 0:01:37] Nxd7 would now be deadly.} g3 {[%emt 0:04:37] [#]} (30... gxf3 $11 {remains equal.} 31. gxf3 Rb8) 31. Nxd7 $1 $16 Nxd7 32. Nd1 (32. Qxb7 gxf2 33. Bxf2 Rf7 $17) 32... gxh2 ({Of course not} 32... Qh4 33. h3 $16) ({Black should try} 32... h4 $14) 33. Rxb7 (33. Qxb7 $16 Rf7 34. Qc6 (34. Kxh2 Bg5 $11)) 33... Rg8 $14 {[%emt 0:00:56] Black is weak on the light squares} 34. Bf1 Rg7 35. Qa2 Bg5 36. Nf2 Bh4 37. Ra7 Bg3 38. Qe2 Qh4 39. Ra6 Qf6 40. Ba5 Nb8 41. Rb6 (41. Ra8 $14 Rb7 42. Qa2) 41... Ra7 $11 {[%emt 0:00:27] The position is equal.} 42. Rb5 Nd7 43. Nh3 Kh6 {[%mdl 32768] Weighted Error Value: White=0.15 (very precise) /Black=0.12 (very precise) .  Mistake:       	White=3     	Black=2      Inaccurate:     	White=3     	Black=2      OK:         	White=10    	Black=16     Best:        	White=1     	Black=2      Strong:       	White=1     	---       . Sensor Board Error (Ke4/e5)?} 0-1

[Event "SixDays Budapest January IM-B 2025"]
[Site "Budapest"]
[Date "2025.01.27"]
[Round "2.1"]
[White "Subramanian, Anusha"]
[Black "Tancsa, Tamas"]
[Result "0-1"]
[Annotator "TA"]
[ECO "E73"]
[WhiteElo "2044"]
[BlackElo "2192"]
[PlyCount "50"]
[EventDate "2025.01.24"]
[EventType "tourn"]
[EventCountry "HUN"]
[SourceTitle "playchess.com"]
[Source "ChessBase"]
[SourceQuality "1"]
[TimeControl "5400+30"]

1. d4 Nf6 2. c4 g6 3. Nc3 Bg7 4. e4 d6 5. Be2 O-O 6. Bg5 Na6 7. Qd2 e5 8. d5 Qe8 9. f3 Nh5 10. Be3 {[%emt 0:11:51] E73: King's Indian: Averbakh Variation without 6...c5.} f5 11. O-O-O b6 12. g3 {[%emt 0:08:07] White is slightly better. Inhibits Nf4.} Bd7 13. exf5 $146 (13. Re1 Nc5 14. b4 Nb7 15. Bd1 a5 16. b5 {½-½ Gaprindashvili,N (2305)-Vinke,D (2166) EU-ch Seniors 65 18th 2018 (9)}) 13... gxf5 14. f4 Nf6 15. h4 (15. fxe5 $11 dxe5 16. Rf1) 15... Nc5 $17 16. Bf3 exf4 17. gxf4 Nfe4 18. Nxe4 fxe4 19. Be2 {[%emt 0:01:21] Prevents Nd3+.} Bf5 $36 {[%emt 0:02:33][%mdl 2048] [#] and ...Nd3+ would now be decisive Black has some pressure.} (19... Nd3+ {looks sharper.} 20. Bxd3 exd3 21. Nh3 Qe4) 20. Rh2 $2 ({White should try} 20. Nh3 $15) 20... Nd3+ $19 21. Bxd3 exd3 22. Re1 (22. b3 $142) 22... Qa4 23. b3 (23. Kb1 $142 Qxc4 24. Rg2) 23... Qa3+ 24. Kb1 {[%emt 0:00:47] [#]} Qb2+ $1 25. Qxb2 d2+ {[%emt 0:00:05] Black took control after the opening.   Weighted Error Value: White=1.04/Black=0.06 (flawless)   Loses game:     	White=1     	---        Mistake:       	White=3     	---        Inaccurate:     	White=3     	---        OK:         	White=4     	Black=4      Best:        	---       	Black=2} 0-1

[Event "SixDays Budapest January IM-B 2025"]
[Site "Budapest"]
[Date "2025.01.27"]
[Round "2.2"]
[White "Vandan Alankar Sawai"]
[Black "Papp, Bence"]
[Result "0-1"]
[Annotator "TA"]
[ECO "B18"]
[WhiteElo "2177"]
[BlackElo "2272"]
[PlyCount "62"]
[EventDate "2025.01.24"]
[EventType "tourn"]
[EventCountry "HUN"]
[SourceTitle "playchess.com"]
[Source "ChessBase"]
[SourceQuality "1"]
[TimeControl "5400+30"]

1. e4 c6 2. d4 d5 3. Nc3 dxe4 4. Nxe4 Bf5 5. Ng3 Bg6 6. h4 h6 7. f4 e6 8. Nf3 Nd7 9. h5 Bh7 10. Bd3 Bxd3 11. Qxd3 Qc7 12. Bd2 Ngf6 13. Ne4 {[%emt 0:01:13] B18: Classical Caro-Kann: 4...Bf5 sidelines.} c5 $146 (13... O-O-O 14. O-O-O c5 15. Kb1 c4 16. Qe2 Nxe4 17. Qxe4 Nf6 18. Qe2 Bd6 19. Ne5 Bxe5 20. fxe5 Nd5 {½-½ Martin Del Campo C,R (2420)-Ruck,R (2574) WMSG Blitz Team 1st 2008 (5)}) 14. Nxf6+ Nxf6 15. Ne5 {[%emt 0:00:07] Strong Square White (e5)} (15. Qb5+ $14 Nd7 16. f5) 15... O-O-O $11 16. Qa3 Rxd4 17. Qxa7 Re4+ 18. Kf1 Bd6 19. Qa8+ ({White should play} 19. Rh3 $1 $15) 19... Qb8 $17 20. Qxb8+ Bxb8 21. Nd3 (21. Nxf7 $2 Rf8 22. Ne5 Bxe5 23. fxe5 Ng4+ (23... Nxh5+ 24. Kg1 $17) 24. Kg1 Rf2 $19 (24... Nxe5 25. Re1 $11) (24... Rxe5 25. Rh4 $11)) (21. Re1 $17) 21... Rd8 $19 22. b3 {[%emt 0:09:20] [#]} c4 $1 23. bxc4 Rxc4 24. Ke2 Ne4 (24... Rxc2 25. Rac1 Rxc1 26. Rxc1+ Bc7 27. Ba5 $17) 25. Rh3 {[%emt 0:01:53] Dodges Ng3+} Bc7 (25... Rxc2 26. Rc1 Nc3+ 27. Ke1 Rxc1+ 28. Bxc1 $19) 26. Kd1 Nxd2 27. Kxd2 Bxf4+ 28. Kd1 Bg5 29. Rb1 e5 30. Ke1 Rxc2 {[%emt 0:01:25] [#] White must now prevent ...e4.} 31. Nb4 (31. Rb2 {was called for.} Rc4 32. Rb5) 31... Rc4 {[%emt 0:02:58] Weighted Error Value: White=0.43/Black=0.12 (very precise)   Mistake:       	White=4     	---        Inaccurate:     	White=1     	---        OK:         	White=6     	Black=6      Best:        	---       	Black=3      Strong:       	---       	Black=1} ({Less strong is} 31... Rxg2 32. Rc3+ Kd7 33. Kf1) 0-1

[Event "SixDays Budapest January IM-B 2025"]
[Site "Budapest"]
[Date "2025.01.27"]
[Round "2.3"]
[White "Varga, Csaba Zoltan"]
[Black "Horvath, David"]
[Result "1/2-1/2"]
[Annotator "TA"]
[ECO "A06"]
[WhiteElo "2198"]
[BlackElo "2299"]
[PlyCount "97"]
[EventDate "2025.01.24"]
[EventType "tourn"]
[EventCountry "HUN"]
[SourceTitle "playchess.com"]
[Source "ChessBase"]
[SourceQuality "1"]
[TimeControl "5400+30"]

1. b3 d5 2. Nf3 Nf6 3. e3 e6 4. Bb2 Bd6 5. d4 O-O 6. Nbd2 {[%emt 0:00:30] D05: Colle System with ...e6.} b6 7. g3 c5 8. Bg2 Ba6 9. c4 $146 (9. Rc1 Nc6 10. c4 Nb4 11. Bf1 Nxa2 12. Ra1 Nb4 13. Be2 Bb7 14. O-O Ng4 15. h3 Nxe3 16. fxe3 Bxg3 {½-½ Kruse,W-Minor,D Karl Mala Memorial op 04th 2000 (7)}) 9... Nc6 10. O-O {[%emt 0:00:14] Not much happening anymore} Rc8 11. Ne5 cxd4 12. exd4 Na5 (12... Bb4 13. Rc1 Na5 14. Qe2 Bxd2 15. Qxd2 dxc4 16. b4 c3) 13. Rc1 dxc4 (13... Bb4 {looks sharper.} 14. Qe2 Bxd2 15. Qxd2 dxc4 16. b4 c3) 14. Ndxc4 Nxc4 15. bxc4 {[%emt 0:00:29] [#]} Bxe5 16. dxe5 Nd7 17. Qd6 Nc5 18. Rfd1 Qxd6 19. exd6 Rfd8 20. Ba3 Rd7 21. Rd4 Kf8 22. h4 Bb7 23. h5 Bxg2 24. Kxg2 Rc6 25. Rcd1 e5 ({Black should try} 25... Ke8 $15) 26. Rd5 $11 f6 27. Bxc5 Rxc5 28. Rxc5 bxc5 {[%emt 0:00:16][%mdl 4096] Endgame KR-KR} 29. Rd5 Kf7 30. Rxc5 {[%emt 0:01:16] Rc7 is the strong threat.} Ke6 $1 31. Kf3 (31. h6 gxh6 32. f4 Rxd6 $15) 31... Rxd6 32. Rc7 Rd7 33. Rxd7 Kxd7 {[%emt 0:00:02] KP-KP} 34. Ke4 Ke6 35. g4 g6 36. Kd3 $2 ({But not} 36. hxg6 hxg6 37. Kf3 Kd7 $15) (36. h6 $1 $11 {and White has nothing to worry.}) 36... Kd6 37. h6 {[%emt 0:02:12] [#]} (37. hxg6 hxg6 38. Ke4) 37... f5 $1 $19 38. gxf5 gxf5 39. Kd2 Kc5 40. Kd3 Kb4 (40... a6 $142 41. a3 a5 42. f3 a4 43. Kc3 e4 44. f4 e3 45. Kd3 e2 46. Kd2 Kxc4 47. Kxe2 Kd4 (47... Kb3 $2 48. Kd3 $19) 48. Kf3 Kd3 49. Kf2 Ke4 50. Kg3 Ke3 51. Kg2 Kxf4 52. Kf2 Kg5 53. Kg3 Kxh6 54. Kh4 Kg6 55. Kg3 h5 56. Kf4 h4 57. Kf3 Kg5 58. Ke3 Kg4 59. Kf2 h3 60. Kf1 Kg3 61. Kg1 f4 62. Kh1 f3 63. Kg1 f2+ 64. Kf1 h2 65. Ke2 h1=Q (65... h1=R {is a self mate.} 66. Kd3 f1=Q+ 67. Kd4 Qb5 68. Ke3 Qd7 69. Ke2 Qd1+ 70. Ke3 Re1#) 66. Kd3 f1=Q+ (66... f1=B+ 67. Kd4 Qc6 68. Ke5 Kg4 69. Kd4 Qc7 70. Ke4 Qd6 71. Ke3 Qf4#) 67. Kd4 Qc6 68. Ke3 Qf2+ 69. Kd3 Qcc2#) 41. f3 a5 $2 (41... Kc5 $19 {( -> ...a5)} 42. a3 a6) 42. a3+ $1 $11 {[%emt 0:00:56] The position is equal.} Kc5 $1 {[%emt 0:00:06] ( -> ...a4)} (42... Kxa3 43. c5 Kb2 44. c6 e4+ 45. fxe4 fxe4+ 46. Kxe4 $18) 43. Kc3 Kb6 (43... a4 $5 44. Kd3 $8 Kb6 $11) 44. Kd2 Kc6 45. Kc2 Kd6 46. Kd2 Kc5 47. Kc3 Kd6 {[%emt 0:00:52] aiming for ...Kc5.} 48. Kd2 Kc5 49. Kc3 {[%emt 0:01:12] White happily takes the draw.   Weighted Error Value: White=0.69/Black=0.22 (precise)   Loses game:     	White=1     	---        Mistake:       	White=1     	Black=1      Inaccurate:     	White=3     	Black=1      OK:         	White=14    	Black=14     Best:        	White=2     	Black=1      Strong:       	---       	Black=2} 1/2-1/2

[Event "SixDays Budapest January IM-B 2025"]
[Site "Budapest"]
[Date "2025.01.27"]
[Round "2.4"]
[White "Ongut, Tamas Gunes"]
[Black "Senthil Maran K"]
[Result "1/2-1/2"]
[Annotator "TA"]
[ECO "B33"]
[WhiteElo "2262"]
[BlackElo "2398"]
[PlyCount "93"]
[EventDate "2025.01.24"]
[EventType "tourn"]
[EventCountry "HUN"]
[SourceTitle "playchess.com"]
[Source "ChessBase"]
[SourceQuality "1"]
[TimeControl "5400+30"]

1. e4 c5 2. Nf3 Nc6 3. d4 cxd4 4. Nxd4 Nf6 5. Nc3 g6 6. Nxc6 dxc6 7. Qxd8+ Kxd8 8. Bc4 Ke8 9. a4 Nd7 10. Be3 e5 11. f3 {[%emt 0:08:58] White is slightly better.} Bc5 12. Ke2 Bxe3 {[%emt 0:03:44] The position is equal.} 13. Kxe3 a5 14. Nd1 Nc5 15. Nf2 Ke7 16. Nd3 Nxd3 17. Kxd3 Rd8+ 18. Ke3 Rd4 19. b3 Be6 20. Bxe6 Kxe6 $11 {[%emt 0:00:17][%mdl 4096] Endgame. KRR-KRR} 21. c3 Rd7 22. Rhd1 Rxd1 23. Rxd1 {[%emt 0:00:08] KR-KR} b5 24. Ra1 Kd6 25. Kd3 Kc5 26. Kc2 Rd8 27. axb5 Kxb5 28. h4 h5 29. Rf1 Rd6 30. g4 Rf6 {[%emt 0:02:21] [#] ...hxg4 is the strong threat.} 31. gxh5 gxh5 32. Rg1 $1 Rxf3 33. Rg5 f6 34. Rxh5 Kc5 35. Rf5 Rxf5 36. exf5 {[%emt 0:00:10] [#] Threatening mate with h5. KP-KP} Kd6 $1 37. Kd3 (37. h5 $5 Ke7 $8 38. Kd2 $11) 37... Ke7 38. Ke4 Kf7 39. Kf3 Kg7 40. Kg3 Kh6 41. Kg4 Kg7 42. Kf3 Kh7 43. Kg3 Kg8 44. Kf3 Kh8 45. Ke3 Kh7 46. Kf3 Kh6 47. Ke4 $2 {[%mdl 40960] Weighted Error Value: White=0.03 (flawless) /Black=0.00 (flawless) .  Loses game:     	White=1     	---        Inaccurate:     	White=1     	---        OK:         	White=11    	Black=23     Best:        	White=1     	---        Strong:       	White=1     	Black=1     . An unexpected result.} (47. Kg4 $11) 1/2-1/2